 Dungeon Crawl Stone Soup version 0.18-a0-1570-gf60b0ab (webtiles) character file.

95 M4edhros the Poker (level 4, -8/31 HPs)
             Began as an Octopode Chaos Knight on Mar 14, 2016.
             Mangled by a mummy (15 damage)
             ... in an ossuary.
             The game lasted 00:03:34 (2177 turns).

M4edhros the Poker (Octopode Chaos Knight)          Turns: 2177, Time: 00:03:35

Health: -8/31      AC:  1    Str: 11    XL:     4   Next: 66%
Magic:  4/4        EV: 12    Int: 14    God:    Xom [..*...]
Gold:   71         SH:  0    Dex: 12    Spells: 0 memorised, 3 levels left

rFire  x . .     SeeInvis .     a - +0 spear (chaos)
rCold  + . .     Gourm    .     (no shield)
rNeg   . . .     Faith    .     (helmet restricted)
rPois  .         Spirit   .     l - amulet of magic regeneration
rElec  .         Dismiss  .     d - ring of ice (curse)
rCorr  .         Reflect  .     (no ring)
SustAt .         Harm     .     (no ring)
MR     .....                    (no ring)
Stlth  ++........               (no ring)
                                (no ring)
                                (no ring)
                                (no ring)

@: liquefying, very slightly contaminated, slowed movement, invisible, very
slow, not resistant to hostile enchantments, unstealthy
A: almost no armour, amphibious, 8 rings, constrict 8, camouflage 1, gelatinous
body 1
a: Renounce Religion


You were in an ossuary.
You worshipped Xom.
You were a toy of Xom.
You were hungry.

You visited 1 branch of the dungeon, and saw 5 of its levels.
You also visited: Ossuary.

You collected 71 gold pieces.

Inventory:

Hand Weapons
 a - a +0 spear of chaos (weapon)
Jewellery
 d - a cursed ring of ice (left tentacle)
 l - an amulet of magic regeneration (around mantle)
Scrolls
 c - 2 scrolls of immolation {unknown}
 e - 5 scrolls of identify {unknown}
 f - 2 scrolls of teleportation {unknown}
 g - a scroll of enchant weapon {unknown}
 h - a scroll of enchant armour {unknown}
Comestibles
 b - a bread ration
 j - a beef jerky
 k - 5 fruits
 m - a meat ration


   Skills:
 - Level 3.0 Fighting
 + Level 5.2 Polearms
 - Level 2.3 Dodging


You had 3 spell levels left.
You didn't know any spells.

Dungeon Overview and Level Annotations

Branches:
Dungeon (5/15)
 Temple: D:4-7

Altars:

Shops:
D:4 [


Innate Abilities, Weirdness & Mutations

You cannot wear most types of armour.
You are amphibious.
You can wear up to eight rings at the same time.
You can use your tentacles to constrict eight enemies at once.
Your skin changes colour to match your surroundings (Stealth).
Your rubbery body absorbs attacks (AC +1).


Message History

The mummy is severely damaged.
You constrict the mummy. The mummy misses you.
Your hobgoblin zombie hits the mummy.
Unknown command.
You hit the mummy.
You destroy the mummy!
The mummy hits you!
* * * LOW HITPOINT WARNING * * *
A shower of butterflies erupts from you!
You are too injured to fight recklessly!
You are too injured to fight recklessly!
You are too injured to fight recklessly!
Unknown command.
Drink which item? (? for menu, Esc to quit)
You fade into invisibility!
Your hobgoblin zombie hits the mummy but does no damage.
You swap places.
Your hobgoblin zombie hits the mummy but does no damage.
The mummy hits your hobgoblin zombie. The mummy hits you!
You die...

....##....##...
...............
...............
#......b.......
#...b....#
##..M...##
##Z..b## ∆
#.Mb.# ∆∆∆
#@...# ∆ ∆ ∆∆
#....# ∆ ∆∆
#....# ∆∆ ∆∆∆
#....# ∆ ∆ ∆∆
#....# ∆∆∆ ∆∆
#....# ∆∆ ∆∆
#.b∩.# ∆∆
######


You could see 2 mummies and a friendly hobgoblin zombie.

Vanquished Creatures
  A worker ant (D:4)
  3 mummies (Ossuary)
  An adder (D:4)
  A dart slug (D:1)
  A giant gecko (D:2)
  A giant cockroach (D:1)
  3 hobgoblins
  A quokka (D:2)
  4 bats
  A giant newt (D:2)
  3 hobgoblin zombies (Ossuary)
  3 kobolds
  4 orc zombies (Ossuary)
  2 rats (D:2)
29 creatures vanquished.

Notes
Turn   | Place    | Note
--------------------------------------------------------------
     0 | D:1      | M4edhros the Octopode Chaos Knight began the quest for the Orb.
     0 | D:1      | Reached XP level 1. HP: 16/16 MP: 1/1
  1162 | D:1      | Reached XP level 2. HP: 21/21 MP: 2/2
  1277 | D:1      | XOM is BORED!
  1277 | D:1      | XOM: medium Hex miscast
  1665 | D:2      | Reached skill level 4 in Polearms
  1691 | D:2      | You fall through a shaft for 2 floors!
  1695 | D:4      | Reached XP level 3. HP: 24/26 MP: 3/3
  1715 | D:4      | Found Xukaraz's Antique Armour Boutique.
  1764 | D:5      | Entered Level 5 of the Dungeon
  1827 | D:5      | XOM: 4-stop teleportation journey
  2041 | D:5      | Noticed an ogre
  2062 | D:5      | Noticed an ogre
  2081 | D:5      | Found a sand-covered staircase.
  2084 | D:5      | XOM: summons 3 friendly demons
  2086 | Ossuary  | Entered an ossuary
  2136 | Ossuary  | Reached XP level 4. HP: 20/31 MP: 4/4
  2136 | Ossuary  | XOM: divination: detect items
  2155 | Ossuary  | Reached skill level 5 in Polearms
  2167 | Ossuary  | XOM: cast spell 'Leda's Liquefaction'
  2170 | Ossuary  | XOM: enchant monster (good)
  2175 | Ossuary  | XOM: butterfly on damage
  2177 | Ossuary  | Mangled by a mummy

Vault maps used:
D:1:      onia_arrival_mini_maze_b, serial_glass, glass_columns_a,
          glass_columns_c, glass_columns_b, glass_columns_a, glass_columns_c,
          glass_columns_b, glass_columns_c, glass_columns_a
D:3:      serial_bayou_pond_d
D:4:      first_bread, serial_shops, shop, uniq_duvessa
D:5:      minmay_goblin_kobold_castle, enter_ossuary_2, uniq_pikel
Ossuary:  ossuary_tomb_3

Skill      XL: |  1  2  3  4 |
---------------+-------------+-----
Polearms       | 4 5 |  5.2
Fighting       | |  3.0
Dodging        | |  2.3

Action                   |  1- 3 |  4- 6 || total
-------------------------+-------+-------++-------
Melee: Spear             |    52 |    28 ||    80
  Use: Potion            |       |     2 ||     2
 Stab: Sleeping          |     6 |       ||     6
       Invisible         |       |     3 ||     3
  Eat: Chunk             |     3 |       ||     3
